 Dungeon Crawl Stone Soup version 0.31-a0-198-g2ad674f65e (webtiles) character file.

Game seed: 15298648865180321025

37 qw the Shooter (level 3, 0/20 HPs)
             Began as a Deep Elf Hunter on June 25, 2023.
             Was an Initiate of Okawaru.
             Slain by an adder (2 damage)
             ... on level 2 of the Dungeon.
             The game lasted 00:00:21 (1000 turns).

qw the Shooter (Deep Elf Hunter)                    Turns: 1000, Time: 00:00:22

Health: 0/20       AC:  3    Str:  9 (10) XL:     3   Next: 21%
Magic:  5/5        EV: 12    Int: 12 (13) God:    Okawaru [......]
Gold:   124        SH:  0    Dex: 17 (18) Spells: 2/2 levels left

rFire   . . .        Y - +0 shortbow
rCold   . . .        (shield currently unavailable)
rNeg    . . .        c - +0 leather armour
rPois   .            (no helmet)
rElec   .            (no cloak)
rCorr   .            (no gloves)
SInv    .            (no boots)
Will    .....        (no amulet)
Stlth   ++           (no ring)
HPRegen 0.23/turn    (no ring)
MPRegen 0.09/turn

%: no passive effects
@: lethally poisoned (0 -> -3)
A: no striking features
a: Renounce Religion


You were on level 2 of the Dungeon.
You worshipped Okawaru.
Okawaru was noncommittal.
You visited 1 branch of the dungeon, and saw 2 of its levels.

You collected 124 gold pieces.


   Skills:
 - Level 1.5 Fighting
 + Level 6.8 Ranged Weapons
 - Level 2.4 Dodging
 - Level 1.2 Stealth


You had 2 spell levels left.
You didn't know any spells.
Your spell library was empty.

Inventory:

Hand Weapons
 Y - a +0 shortbow (weapon)
Armour
 c - a +0 leather armour (worn)
Jewellery
 a - a ring of fire
Scrolls
 e - 2 scrolls of identify

Dungeon Overview and Level Annotations

Branches:
Dungeon (2/15)

Altars:
Okawaru

Shops:
D:2 =:


Message History

The jackal is heavily wounded.
You shoot an arrow. The arrow hits the jackal!
You kill the jackal!
Okawaru accepts your kill.
You shoot an arrow. The arrow hits the jackal.
You kill the jackal!
Okawaru accepts your kill.
There is an entrance to Zeud's Book Shoppe here.
Enter note:
Enter note: An adder comes into view.
Found a scroll labelled NISASO IMOI.
Enter note:
Enter note: You shoot an arrow.
The arrow hits the adder but does no damage.
An adder is nearby!
You shoot an arrow. The arrow closely misses the adder.
You shoot an arrow. The arrow misses the adder.
You shoot an arrow. The arrow misses the adder.
The adder barely misses you.
You shoot an arrow. The arrow hits the adder.
The adder is lightly wounded.
The adder bites you.
You are poisoned.
The adder poisons you! The adder closely misses you.
You shoot an arrow. The arrow misses the adder.
You feel sick. The adder bites you.
You are more poisoned.
The adder poisons you!
You shoot an arrow. The arrow closely misses the adder.
You feel sick. The adder bites you. x2
You shoot an arrow. The arrow barely misses the adder.
You feel sick. The adder bites you but does no damage.
You shoot an arrow. The arrow hits the adder.
The adder is lightly wounded.
You feel sick. The adder bites you. The adder closely misses you.
You shoot an arrow. The arrow misses the adder.
You feel sick. The adder bites you.
You die...

....# ....# #.#.#
#. #.#.# . +#.#
#.#.# # ....#
#.#.# #
.....##.#.########
#
!.....S@..........
#
.......#..########
#####
....#..8.8..#
....# .?.
#...\...# .##.# .
#.#..8.8#.# ###.#
#.#....##.# ###.##
#.....###.#
##.#.##
##.....##.#
..###.#
#.....###.#


You could see an adder.

Vanquished Creatures
  An adder (D:2)
  2 bats (D:1)
  4 endoplasms
  A giant cockroach (D:2)
  4 hobgoblins (D:1)
  3 jackals (D:2)
  A quokka (D:1)
  2 ball pythons
  3 frilled lizards (D:1)
  A goblin (D:1)
  3 kobolds (D:1)
  A rat (D:1)
26 creatures vanquished.

Notes
Turn   | Place    | Note
-------+----------+-------------------------------------------
     0 | D:1      | qw the Deep Elf Hunter began the quest for the Orb.
     0 | D:1      | Reached XP level 1. HP: 12/12 MP: 3/3
     0 | D:1      | 0 ||| qw: Version: 0.3-a-22-g0ed2b0b
     0 | D:1      | 0 ||| qw: Game counter: 5029
     0 | D:1      | 0 ||| qw: Melee chars always use a shield: true
     0 | D:1      | 0 ||| qw: God list: Okawaru
     0 | D:1      | 0 ||| qw: Allow faded altars: false
     0 | D:1      | 0 ||| qw: Do Orc after clearing Dungeon:15 true
     0 | D:1      | 0 ||| qw: Do second Lair branch before Depths: true
     0 | D:1      | 0 ||| qw: Lair rune preference: random
     0 | D:1      | 0 ||| qw: Goals: Normal
     0 | D:1      | 0 ||| PLANNING D:1-11
   177 | D:1      | Reached XP level 2. HP: 16/16 MP: 4/4
   185 | D:1      | Reached skill level 6 in Ranged Weapons
   548 | D:1      | Found a faded altar of an unknown god.
   548 | D:1      | Noticed a Brimstone Fiend
   736 | D:1      | 736 ||| DROPPING +1 sling of draining.
   767 | D:1      | 767 ||| READING scroll labelled EXUURGH AGGER.
   768 | D:1      | 768 ||| READING 2 scrolls labelled LAT WASOSECS.
   769 | D:1      | 769 ||| READING scroll labelled QECRALUUDIN.
   770 | D:1      | 770 ||| READING 3 scrolls labelled DELAUFRE OSODU.
   771 | D:1      | 771 ||| READING scroll labelled XIYNAJ EHAI.
   772 | D:1      | 772 ||| DRINKING 3 bubbling blue potions.
   773 | D:1      | 773 ||| DROPPING scroll of butterflies.
   774 | D:1      | 774 ||| DROPPING 2 scrolls of fog.
   775 | D:1      | 775 ||| DROPPING 2 potions of degeneration.
   823 | D:2      | Found an iron altar of Okawaru.
   824 | D:2      | 824 ||| PLANNING OKAWARU WORSHIP
   824 | D:2      | 824 ||| STAIRDANCE
   835 | D:2      | Became a worshipper of Warmaster Okawaru
   836 | D:2      | 836 ||| PLANNING D:1-11
   909 | D:2      | Found Dainlir's Jewellery Emporium.
   917 | D:2      | Reached XP level 3. HP: 20/20 MP: 5/5
   929 | D:2      | 929 ||| SHOPLISTING amulet of reflection (300 gold, have
                  | 124).
   929 | D:2      | 929 ||| SHOPLISTING ring of Ycwauffa {Fire rN++ Will+
                  | Dex-2} (439 gold, have 124).
   929 | D:2      | 929 ||| SHOPLISTING ring of fire (250 gold, have 124).
   929 | D:2      | 929 ||| SHOPLISTING ring of ice (250 gold, have 124).
   929 | D:2      | 929 ||| SHOPLISTING ring of poison resistance (200 gold,
                  | have 124).
   929 | D:2      | 929 ||| SHOPLISTING ring of willpower (250 gold, have 124).
   962 | D:2      | Found Zeud's Book Shoppe.
   999 | D:2      | HP: 3/20 [adder (4)]
  1000 | D:2      | Slain by an adder

Levels and vault maps discovered:
D:1:      lightli_arrival_flooded_house, layout_basic,
          dreamdust_ecumenical_altar_sealed_demon, serial_park_tiny_1,
          bh_walls_and_bars
D:2:      layout_loops_ring, serial_shops, shop,
          nicolae_shop_tiny_statue_garden, nicolae_shop_pleasant_corner_grove,
          nicolae_shop_tiny_glass, basic_altar, minmay_misc_feat_rows,
          st_stairs_14, minmay_misc_feat_encased

Skill      XL: |  1  2 |
---------------+-------+-----
Ranged Weapons | 6 |  6.8
Fighting       | |  1.5
Dodging        | |  2.4
Stealth        | |  1.2

Action                     || total
---------------------------++-------
   Fire: Shortbow          ||    70
    Use: Scroll            ||     5
         Potion            ||     1
 Armour: Leather armour    ||     2
  Dodge: Dodged            ||     5

Table legend:
 A = Non-vault XP
 B = Vault XP
 C = Vault XP percentage of total XP
 D = Non-vault monster count
 E = Vault monster count
 F = Vault count percentage of total count
                 A         B        C        D         E       F
            +---------+---------+-------+---------+---------+-------
      Total |      53 |       0 |   0.0 |      26 |       0 |   0.0
            +---------+---------+-------+---------+---------+-------
        D:1 |      29 |       0 |   0.0 |      19 |       0 |   0.0
        D:2 |      24 |       0 |   0.0 |       7 |       0 |   0.0
            +---------+---------+-------+---------+---------+-------
